Map: 失而复得-天梯版

Players

千机变 - Winner!

  • Race: Zerg Zerg
  • League: Master

IIIIIIIIIII

  • Race: Protoss Protoss
  • League: Diamond

VOD

Have the link to the VOD?

Description

Time

  • Played on: Oct. 10, 2018, 12:13 a.m.
  • Length: 5:22
Show
View Real Time Build Order
Export as new Build Order

千机变 Zerg - Winner!

Build Orders: Pool First 

Get SALT Encoding   

  12  0:01  Drone  
  13  0:09  Drone  
  14  0:17  Overlord  
  14  0:35  Drone x3  
  17  0:45  Spawning Pool  
  17  0:48  Extractor  
  15  0:50  Drone  
  16  1:13  Hatchery  
  16  1:16  Drone  
  16  1:20  Drone  
  16  1:25  Drone  
  18  1:31  Drone  
  19  1:41  Queen  
  21  1:48  Zergling x2  
  22  1:54  Metabolic Boost  
  22  1:58  Overlord  
  22  2:10  Overlord  
  22  2:18  Zergling x2  
  23  2:26  Queen  
  25  2:30  Zergling x2  
  25  2:32  Lair  
  25  2:35  Zergling x2  
  27  2:38  Zergling x2  
  27  2:42  Zergling x2  
  29  2:45  Zergling x2  
  29  2:49  Zergling x2  
  31  3:02  Zergling x2, Queen  
  34  3:08  Zergling x2  
  34  3:11  Zergling x2  
  36  3:16  Zergling x2  
  37  3:24  Zergling x2  
  37  3:26  Zergling x2  
  39  3:29  Zergling x2  
  40  3:35  Zergling x2  
  41  3:45  Zergling x2  
  41  3:47  Nydus Network  
  41  3:48  Zergling x2  
  42  3:50  Zergling x2  
  42  3:51  Zergling x2  
  44  4:03  Overlord  
  44  4:11  Overlord  
  44  4:21  Queen  
  44  4:24  Nydus Canal  
  46  4:35  Zergling x2  
  46  4:36  Zergling x2  
  46  4:38  Zergling x4  
  49  4:45  Zergling x4  
  52  4:48  Zergling x2  
  53  4:57  Zergling x2  
  53  5:00  Zergling x2  
  53  5:02  Nydus Canal  
  53  5:05  Zergling x2  
Show
View Real Time Build Order
Export as new Build Order

IIIIIIIIIII Protoss 

Build Orders: 1 Gate Expand, Oracle Opening, Phoenix Opening 

Get SALT Encoding   

  12  0:01  Probe  
  13  0:13  Probe  
  14  0:19  Pylon  
  14  0:26  Probe  
  15  0:34  Probe  
  16  0:44  Probe  
  16  0:45  Gateway  
  16  0:48  Assimilator  
  17  0:56  Probe  
  18  1:08  Probe  
  19  1:20  Probe  
  20  1:36  Nexus  
  20  1:43  Cybernetics Core  
  20  1:46  Zealot  
  20  1:51  Gateway  
  22  2:06  Probe  
  22  2:07  Assimilator  
  23  2:15  Pylon  
  23  2:18  Probe  
  23  2:25  Adept  
  25  2:41  Stargate  
  25  2:42  Probe  
  26  2:44  Warp Gate  
  26  2:45  Probe  
  27  2:59  Probe  
  27  3:00  Shield Battery  
  27  3:02  Probe  
  29  3:17  Oracle  
  27  3:31  Probe  
  31  3:35  Probe  
  32  3:41  Sentry  
  32  3:43  Probe  
  32  3:44  Adept  
  37  3:52  Probe  
  37  3:54  Phoenix, Assimilator  
  40  3:59  Probe, Assimilator  
  41  4:04  Probe  
  42  4:11  Probe  
  42  4:17  Probe  
  44  4:23  Probe  
  45  4:29  Probe  
  46  4:40  Pylon  
  44  4:57  Stalker  
  44  4:58  Adept  
  35  5:07  Probe  
Tags
 
Add a new tag
Caveats
  • Supply blocks, unpowered buildings, or Contaminate may cause inaccurate times.
  • Supply counts are checked every 10 seconds.